 Dungeon Crawl Stone Soup version 0.29.1-1-gd02db6906a (webtiles) character file.

Game seed: 14553233682170079074

1106 raincastle the Agent of Entropy (level 8, -2/61 HPs)
             Began as a Demonspawn Abyssal Knight on Sept 16, 2022.
             Was a Priest of Lugonu.
             Killed by nerve-wracking pain
             ... invoked by an orc priest
              (10 damage)
             ... on level 5 of the Dungeon on Sept 17, 2022.
             The game lasted 00:39:45 (7604 turns).

raincastle the Agent of Entropy (DsAK)              Turns: 7604, Time: 00:39:48

Health: -2/61      AC: 16    Str: 15    XL:     8   Next: 11%
Magic:  15/15      EV: 24    Int: 12    God:    Lugonu [***...]
Gold:   946        SH:  0    Dex: 14    Spells: 7/7 levels left

rFire   . . .      SeeInvis .   C - +0 halberd
rCold   . . .      Faith    .   (shield currently unavailable)
rNeg    . . .      Spirit   .   i - +0 plate armour
rPois   .          Reflect  .   (helmet restricted)
rElec   .          Harm     .   (no cloak)
rCorr   .          Rampage  .   y - +0 pair of gloves
Will    .....                   x - +2 pair of boots {Fly}
Stlth   ..........              d - amulet of the acrobat
HPRegen 0.20/turn               h - +4 ring of evasion
MPRegen 0.14/turn               (no ring)

@: about to teleport, acrobatic, flying
A: antennae 1, rugged brown scales 1
a: Renounce Religion, Depart the Abyss, Bend Space, Banish


You were on level 5 of the Dungeon.
You worshipped Lugonu.
Lugonu was most pleased with you.
You visited 1 branch of the dungeon, and saw 5 of its levels.
You visited the Abyss 1 time.

You collected 1498 gold pieces.
You spent 552 gold pieces at shops.

Inventory:

Hand Weapons
 a - a +1 hand axe
 C - a +0 halberd (weapon)
Missiles
 u - 4 poisoned darts (quivered)
Armour
 b - a +0 leather armour
 f - a +1 ring mail of fire resistance
 i - a +0 plate armour (worn)
 n - a +0 scale mail
 x - a +2 pair of boots of flying (worn)
 y - a +0 pair of gloves (worn)
Jewellery
 d - an amulet of the acrobat (around neck)
 h - a +4 ring of evasion (left hand)
 j - a ring of magical power
 z - an amulet of reflection
 E - a +6 ring of strength
Scrolls
 c - a scroll of butterflies {unknown}
 k - a scroll of poison {unknown}
 m - a scroll of fear {unknown}
 p - a scroll of torment {unknown}
 q - 2 scrolls of amnesia {unknown}
 w - a scroll of immolation {unknown}
 A - a scroll of enchant weapon {unknown}
 B - a scroll of identify
Potions
 e - a potion of might {unknown}
 g - 5 potions of curing
 l - 2 potions of ambrosia
 o - a potion of heal wounds {unknown}
 r - a potion of magic {unknown}
 s - a potion of brilliance {unknown}
 v - 2 potions of attraction {unknown}


   Skills:
 + Level 4.2 Fighting
 + Level 3.9 Axes
 + Level 0.4(2.4) Polearms
 + Level 0.2 Throwing
 + Level 3.4 Armour
 + Level 1.8 Dodging
 + Level 0.3 Stealth
 * Level 9.4 Invocations


You had 7 spell levels left.
You didn't know any spells.
Your spell library contained the following spells:

 Spells                   Type           Power      Damage    Failure   Level
 Frozen Ramparts          Ice            0%         1d1       100%        3
 Portal Projectile        Hex/Tloc       0%         N/A       100%        3
 Tukima's Dance           Hex            0%         N/A       100%        3
 Ice Form                 Ice/Tmut       0%         N/A       100%        4
 Summon Ice Beast         Ice/Summ       0%         N/A       100%        4
 Blade Hands              Tmut           0%         N/A       100%        5


Dungeon Overview and Level Annotations

Branches:
Dungeon (5/15)             Temple (0/1) D:4

Altars:
Qazlal
Vehumet

Shops:
D:3 [

Annotations:
D:5 Menkaure
Abyss:1 Blork the orc, Grinder, Sigmund


Innate Abilities, Weirdness & Mutations

You have a pair of small antennae on your head.
You are partially covered in rugged brown scales. (AC +1, +3% HP)


Message History

Pain shoots through your body!
You closely miss the orc priest.
The orc priest is moderately wounded.
The orc priest hits you but does no damage.
Space bends violently around you!
You blink.
The orc priest casts a cantrip, but nothing happens.
The orc priest invokes the aid of Beogh against you.
Pain shoots through your body!
The orc priest looks encouraged for a moment.
Throw: 5 darts (poison)
Press: ? - help, Q - select action, (/) - cycle Shift-Dir - straight line, f - orc priest
Aim: an orc priest, wielding a +0 flail (moderately wounded, 60% to hit)
You throw a poisoned dart.
The poisoned dart closely misses the orc priest.
The orc priest calls upon Beogh to heal the orc priest.
The orc priest's wounds heal themselves!
You barely miss the orc priest.
The orc priest invokes the aid of Beogh against you.
You struggle to resist.
You barely miss the orc priest.
The orc priest hits you but does no damage.
The orc priest invokes the aid of Beogh against you.
Beogh smites you!
You barely miss the orc priest.
The orc priest mumbles some strange prayers to Beogh against you.
Beogh smites you! The orc priest closely misses you.
The orc priest looks braver for a moment.
As you read the scroll of teleportation, it crumbles to dust.
You feel strangely unstable. The orc priest closely misses you.
The orc priest barely misses you.
The orc priest mumbles some strange prayers to Beogh against you.
Beogh smites you!
* * * LOW HITPOINT WARNING * * *
The orc priest attacks as you move away!
The orc priest hits you but does no damage.
The orc priest attacks as you move away!
The orc priest hits you but does no damage.
The orc priest invokes the aid of Beogh against you.
Pain shoots through your body!
You die...

.............# #.#
############.##########.#
# #..........#(# #
##########.#.# ##
#######.#.# .#
#>..##....# .#
#.#ooo....### .#
#...##......# .#
##@####o#...### .# #.#
#.......# .# #.#
#.......# ##
#############.# #...o...#
# #...........#.#
###o..### #
#.#########.#.# #.(.#
####.## #.#.# ##>#####
......# #.#.# #).)o.####
####..########.#.#
#..##.o...


You could see 3 orc priests.

Vanquished Creatures
  A phantom (D:4)
  A necrophage (D:3)
  A scorpion (D:5)
  An orc priest (D:5)
  An orc wizard (D:5)
  Natasha (twice) (D:3 D:2)
  An iguana (D:5)
  Robin (D:2)
  5 adders
  3 gnolls (D:5)
  A white imp (D:5)
  A worm (D:2)
  6 dart slugs
  8 orcs
  3 endoplasms
  2 giant cockroaches
  16 goblins
  4 hobgoblins
  7 jackals
  7 kobolds
  A quokka (D:5)
  4 ball pythons
  6 bats
  6 frilled lizards
  3 rats (D:1)
92 creatures vanquished.

Vanquished Creatures (others)
  2 fungi (D:5)
2 creatures vanquished.

Grand Total: 94 creatures vanquished

Notes
Turn   | Place    | Note
-------+----------+-------------------------------------------
     0 | Abyss:1  | raincastle the Demonspawn Abyssal Knight began the quest
                  | for the Orb.
     0 | Abyss:1  | Reached XP level 1. HP: 18/18 MP: 2/2
     1 | D:1      | Escaped the Abyss
    82 | D:1      | Gained mutation: You have a pair of small antennae on your
                  | head. [demonic ancestry]
    82 | D:1      | Reached XP level 2. HP: 13/24 MP: 3/3
   438 | D:1      | Found a faded altar of an unknown god.
   667 | D:1      | Reached skill level 1 in Dodging
   726 | D:1      | Reached XP level 3. HP: 29/29 MP: 5/5
   903 | D:1      | Reached *** piety under Lugonu
  1849 | D:2      | Reached skill level 3 in Invocations
  1865 | D:2      | Noticed Robin
  1878 | D:2      | Killed Robin
  2100 | D:2      | Gained mutation: You are partially covered in rugged brown
                  | scales. (AC +1, +3% HP) [demonic ancestry]
  2100 | D:2      | Reached XP level 4. HP: 26/37 MP: 4/6
  2654 | D:2      | Found a stormy altar of Qazlal.
  3120 | D:3      | Noticed Natasha
  3122 | D:3      | Noticed Grinder
  3124 | D:3      | Killed Natasha
  3125 | D:3      | Reached skill level 4 in Invocations
  3536 | D:3      | Noticed Natasha
  3550 | D:3      | Noticed a necrophage
  3572 | D:2      | Killed Natasha
  3573 | D:2      | Reached XP level 5. HP: 17/43 MP: 8/8
  4030 | D:3      | Reached skill level 5 in Invocations
  4128 | D:3      | Noticed Sigmund
  4223 | D:2      | Identified a scroll of acquirement
  4224 | D:2      | Acquired 1226 gold pieces
  4234 | D:3      | Banished Sigmund
  4235 | D:3      | Reached skill level 6 in Invocations
  4235 | D:3      | Reached XP level 6. HP: 49/49 MP: 5/11
  4277 | D:3      | Paralysed by Grinder for 5 turns
  4283 | D:3      | Banished Grinder
  4284 | D:3      | Reached skill level 8 in Invocations
  4284 | D:3      | Reached XP level 7. HP: 55/55 MP: 7/13
  4345 | D:3      | Found Huifosch's Antique Armour Shop.
  4418 | D:3      | Bought a plate armour for 552 gold pieces
  4785 | D:4      | Found a staircase to the Ecumenical Temple.
  5540 | D:4      | Noticed Blork the orc
  5541 | D:4      | Found a radiant altar of Vehumet.
  5542 | D:4      | Banished Blork the orc
  5614 | D:5      | Entered Level 5 of the Dungeon
  6222 | D:5      | Reached skill level 9 in Invocations
  6604 | D:4      | Reached XP level 8. HP: 25/61 MP: 9/14
  6951 | D:5      | Noticed Menkaure
  7604 | D:5      | Killed from afar by an orc priest

Illustrated notes

Levels and vault maps discovered:
D:1:      dpeg_arrival_rooms_a, layout_basic,
          shapermc_ecumenical_altar_acropolis
D:2:      layout_loops_ring, basic_altar, dreamdust_wishing_well,
          minmay_tree_intersection, ebering_dispersal_statue_hall,
          chequers_arboretum, kennysheep_generic_room_10, uniq_robin
D:3:      layout_rooms, serial_shops, shop, uniq_grinder, uniq_sigmund,
          uniq_natasha
D:4:      wander_river, layout_loops_ring, mainiacjoe_overflow_two_lobes,
          temple_green, uniq_blork_the_orc
D:5:      layout_loops_ring, uniq_menkaure, uniq_crazy_yiuf_cottage

Skill      XL: |  1  2  3  4  5  6  7 |
---------------+----------------------+-----
Axes           | 2 3 |  3.9
Armour         | 2 3 |  3.4
Dodging        | 1 |  1.8
Invocations    | 3 4 6 8 9 |  9.4
Fighting       | 4 |  4.2
Polearms       | |  0.4
Throwing       | |  0.2
Stealth        | |  0.3

Action                   |  1- 3 |  4- 6 |  7- 9 || total
-------------------------+-------+-------+-------++-------
Melee: Hand axe          |   114 |    87 |   133 ||   334
       Punch             |     2 |     1 |     1 ||     4
       Halberd           |       |       |    35 ||    35
Throw: Dart              |       |       |    14 ||    14
       Boomerang         |       |       |     5 ||     5
Invok: Bend Space        |    27 |    38 |     2 ||    67
       Banish            |       |     2 |     5 ||     7
  Use: Scroll            |       |     3 |     4 ||     7
Armor: Leather armour    |    13 |       |       ||    13
       Ring mail         |    35 |    22 |       ||    57
       Plate armour      |       |       |    81 ||    81
Dodge: Dodged            |   129 |    64 |    96 ||   289
